 Dungeon Crawl Stone Soup version 0.25-a0-591-g2ad0d861f1 (webtiles) character file.

Game seed: 14380821220578998180, levelgen mode: deterministic

604 Amnesiac the Insei (level 7, 51/52 HPs)
             Began as a White Draconian Transmuter on Mar 13, 2020.
             Quit the game on level 5 of the Dungeon.
             The game lasted 00:08:35 (4027 turns).

Amnesiac the Insei (White Draconian Transmuter)     Turns: 4027, Time: 00:08:36

Health: 51/52      AC:  7    Str: 12    XL:     7   Next: 18%
Magic:  3/10       EV: 12    Int: 14    God:
Gold:   240        SH:  0    Dex: 13    Spells: 4/10 levels left

rFire    . . .     SeeInvis .     - Unarmed
rCold    + . .     Gourm    .   (no shield)
rNeg     . . .     Faith    .   (armour unavailable)
rPois    .         Spirit   .   (helmet restricted)
rElec    .         Reflect  .   (no cloak)
rCorr    .         Harm     .   d - +0 pair of gloves
MR       .....                  (no boots)
Stlth    +.........             (no amulet)
HPRegen  0.17/turn              (no ring)
MPRegen  0.12/turn              (no ring)

@: no status effects
A: breathe frost, unfitting armour, cold resistance 1, cold-blooded, AC +6
a: Breathe Frost


You were on level 5 of the Dungeon.
You were not hungry.

You visited 1 branch of the dungeon, and saw 5 of its levels.

You collected 240 gold pieces.

Inventory:

Hand Weapons
 h - the +9 heavy crossbow "Sniper" {vorpal, Acc+∞ SInv}
   (You found it on level 4 of the Dungeon)

   Any bolt fired from it inflicts extra damage.
   It lets you see invisible.
Missiles
 a - 43 arrows
Armour
 d - a +0 pair of gloves (worn)
 j - a +2 tower shield
 q - a +0 pair of gloves
Jewellery
 o - a +6 ring of dexterity
 r - an uncursed ring of magical power
Scrolls
 b - 2 scrolls of fear {!r, unknown}
 e - a scroll of immolation {!r, unknown}
 g - 4 scrolls of remove curse {!r, unknown}
 k - 3 scrolls of teleportation {!r, unknown}
 m - 4 scrolls of identify {!r, unknown}
 s - a scroll of amnesia {!r, unknown}
Potions
 f - 3 potions of curing {!q}
 l - a potion of ambrosia {!q}
Comestibles
 c - 10 rations
 i - 6 chunks of flesh


   Skills:
 - Level 1.1 Fighting
 - Level 1.7 Dodging
 + Level 7.5 Unarmed Combat
 - Level 2.0 Spellcasting
 - Level 4.0 Transmutations


You had 4 spell levels left.
You knew the following spells:

 Your Spells              Type           Power        Failure   Level  Hunger
a - Beastly Appendage     Tmut           ##....       4%          1    ##.....
b - Sticks to Snakes      Tmut           ##......     7%          2    ###....
e - Spider Form           Tmut/Pois      #.........   30%         3    ####...

Your spell library contained the following spells:

 Spells                   Type           Power        Failure   Level  Hunger
 Ice Form                 Ice/Tmut       #.......     71%         4    #####..
 Blade Hands              Tmut           ##........   77%         5    ######.


Dungeon Overview and Level Annotations

Branches:
Dungeon (5/15)
 Temple: D:4-7

Altars:
Hepliaklqana


Innate Abilities, Weirdness & Mutations

You can breathe waves of freezing cold.
You can buffet flying creatures when you breathe cold.
Your icy white scales are hard. (AC +6)
You cannot fit into any form of body armour.
Your flesh is cold resistant. (rC+)
You are cold-blooded and may be slowed by cold attacks.


Message History

Your transformation is almost over.
The orc throws a stone.
The stone barely misses you.
Casting: Sticks to Snakes (safe; 19% risk of failure)
Confirm with . or Enter, or press ? or * to list all spells.
You extend your transformation's duration.
You hit Menkaure.
Menkaure is lightly damaged.
Menkaure hits you.
You hit Menkaure.
Menkaure is moderately damaged.
Menkaure casts a spell.
Menkaure seems to speed up.
You hit Menkaure.
Menkaure is heavily damaged.
Menkaure misses you.
You hit Menkaure.
Menkaure is severely damaged.
Menkaure completely misses you.
You hit Menkaure.
Menkaure is severely damaged.
Menkaure barely misses you.
You hit Menkaure but do no damage.
Menkaure is severely damaged.
You are feeling hungry.
Menkaure barely misses you.
You hit Menkaure.
Menkaure is almost destroyed.
Your transformation is almost over.
Menkaure barely misses you.
You hit Menkaure.
You destroy Menkaure!
Your Unarmed Combat skill increases to level 7!
You have reached level 7!
Your scales start taking on an icy white colour.
You learn Fire Magic much slower.
You learn Ice Magic much quicker.
You can breathe waves of freezing cold.
You can buffet flying creatures when you breathe cold.
You feel resistant to cold.
The orc throws a stone.
The stone misses you.
A worker ant comes into view.
The orc closely misses you.
You bite the orc!
You kill the orc!
The worker ant bites you.
You hit the worker ant.
The worker ant is lightly wounded.
The worker ant misses you.
You hit the worker ant.
The worker ant is poisoned.
The worker ant is moderately wounded.
The worker ant closely misses you.
You hit the worker ant.
The worker ant looks as sick as possible!
The worker ant is severely wounded.
You kill the worker ant!
Your transformation has ended.
Things that are here:
a +0 war axe; 20 stones; an orc corpse You butcher the orc corpse.
i - 7 chunks of flesh (gained 4)
Things that are here:
a +0 war axe; 20 stones; an orc skeleton Eating one of 7 chunks of flesh.
You eat one of the 7 chunks of flesh.
This raw flesh tastes terrible.
Are you sure you want to abandon this character and quit the game? (Confirm with "yes".)

#.####.####..###.##.# #..#.#
#.......†...(.##.##.# #..#.#
######.####...##.##.####..#.#
#.?M................#..#.#
#.#o####.##.#.##..........
#.#[# #.##.#.##........#. #
#)# #..#...(####..##... #.#.#
#.#..#...........#
#...#####@...#...##..####.
##......(..#####..........
#.(.........# .##..####.
#.####......# ....# ## #.
##...#...# # #. ##.###.## #
#) #.# .# # #. #.# .# # #.. #
#


There were no monsters in sight!

Vanquished Creatures
  Menkaure (D:5)
  A crimson imp (D:5)
  A hound (D:5)
  4 orc wizards
  A centaur skeleton (D:5)
  3 iguanas
  A worker ant (D:5)
  A gnoll (D:3)
  2 adders
  An adder skeleton (D:5)
  3 worms
  3 dart slugs
  A leopard gecko (D:4)
  22 orcs
  A ball python (D:3)
  6 bats
  6 giant cockroaches
  12 goblins
  8 hobgoblins
  4 jackals
  6 kobolds
  2 quokkas
  5 frilled lizards
  A quokka zombie (D:3)
  15 rats
111 creatures vanquished.

Vanquished Creatures (collateral kills)
  An orc (D:2)
  2 jackals (D:2)
3 creatures vanquished.

Grand Total: 114 creatures vanquished

Notes
Turn   | Place    | Note
-------+----------+-------------------------------------------
     0 | D:1      | Amnesiac the Draconian Transmuter began the quest for the
                  | Orb.
     0 | D:1      | Reached XP level 1. HP: 16/16 MP: 3/3
    75 | D:1      | Reached XP level 2. HP: 12/23 MP: 3/5
    80 | D:1      | Learned a level 2 spell: Sticks to Snakes
   674 | D:2      | Reached XP level 3. HP: 28/28 MP: 4/6
   694 | D:2      | Learned a level 3 spell: Spider Form
   709 | D:2      | Found a hazy altar of Hepliaklqana.
  1672 | D:2      | Reached XP level 4. HP: 31/35 MP: 5/7
  2103 | D:3      | Reached skill level 4 in Unarmed Combat
  2292 | D:3      | Reached XP level 5. HP: 34/40 MP: 4/8
  2879 | D:4      | Reached skill level 5 in Unarmed Combat
  3080 | D:4      | Noticed a phantom
  3437 | D:4      | Found the +9 heavy crossbow "Sniper" {vorpal, Acc+∞ SInv}
  3627 | D:5      | Entered Level 5 of the Dungeon
  3627 | D:5      | Noticed a phantom
  3655 | D:5      | Reached XP level 6. HP: 30/47 MP: 0/9
  3736 | D:5      | Reached skill level 6 in Unarmed Combat
  3985 | D:5      | Noticed Menkaure
  4014 | D:5      | Killed Menkaure
  4014 | D:5      | Reached skill level 7 in Unarmed Combat
  4014 | D:5      | Your scales start taking on an icy white colour.
  4014 | D:5      | Reached XP level 7. HP: 49/52 MP: 2/10
  4014 | D:5      | Gained mutation: Your flesh is cold resistant. (rC+) [White
                  | Draconian growth]
  4027 | D:5      | Quit the game

Levels and vault maps discovered:
D:1:      erik_arrival_blinker_ship, layout_rooms
D:2:      minmay_skewed_foursquare, layout_basic, marbit_many_paths,
          first_ration
D:3:      layout_loops_ring, minmay_bisected
D:4:      layout_basic
D:5:      layout_loops_ring, kennysheep_little_box, uniq_menkaure

Skill      XL: |  1  2  3  4  5  6 |
---------------+-------------------+-----
Transmutations | 3 4 |  4.0
Unarmed Combat | 4 5 7 |  7.5
Fighting       | |  1.1
Dodging        | |  1.7
Spellcasting   | |  2.0

Action                   |  1- 3 |  4- 6 |  7- 9 || total
-------------------------+-------+-------+-------++-------
Melee: Unarmed           |   139 |   180 |     4 ||   323
       Tailslap          |    13 |     7 |       ||    20
       Kick              |    20 |       |       ||    20
       Headbutt          |     3 |       |       ||     3
       Punch             |     2 |       |       ||     2
 Cast: Beastly Appendage |    30 |       |       ||    30
       Sticks to Snakes  |     4 |     1 |       ||     5
       Spider Form       |     3 |    22 |       ||    25
  Use: Potion            |       |     7 |       ||     7
 Stab: Sleeping          |     1 |     1 |       ||     2
       Distracted        |       |     1 |       ||     1
  Eat: Chunk             |     4 |    11 |     1 ||    16
Armor: Skin              |    36 |    49 |       ||    85
Dodge: Dodged            |    78 |   109 |     4 ||   191

Table legend:
 A = Non-vault XP
 B = Vault XP
 C = Vault XP percentage of total XP
 D = Non-vault monster count
 E = Vault monster count
 F = Vault count percentage of total count
                 A         B        C        D         E       F
            +---------+---------+-------+---------+---------+-------
      Total |     646 |     218 |  25.2 |     101 |      13 |  11.4
            +---------+---------+-------+---------+---------+-------
        D:1 |      40 |       0 |   0.0 |      25 |       0 |   0.0
        D:2 |      44 |      13 |  22.8 |      18 |       7 |  28.0
        D:3 |      92 |      22 |  19.3 |      26 |       5 |  16.1
        D:4 |     148 |       0 |   0.0 |      15 |       0 |   0.0
        D:5 |     322 |     183 |  36.2 |      17 |       1 |   5.6
            +---------+---------+-------+---------+---------+-------
